Cogmind - Beta 17.1 @@@ ROGUE MODE // 2026.09.17 @ 11:19:56 Player: cel Result: Destroyed by as-48184 with Assembled Rifle Performance ------------- Evolutions (0) 0 Regions Visited (2) 400 Robots Destroyed (10) 50 Value Destroyed (315) 315 Prototype IDs (0) 0 Alien Tech Used (0) 0 Bonus (0) 0 TOTAL SCORE: 765 Bonus ------- None Cogmind --------- Core Integrity 0/250 Matter 300/300 Energy 100/100 System Corruption 0% Temperature Cool (0) Movement Core (100) Ox1 Location -10/Mines Parts ------- > --- POWER (1) -------- (None) > --- PROPULSION (2) --- (None) > --- UTILITY (2) ------ Small Storage Unit > --- WEAPON (2) ------- Light Assault Rifle > --- INVENTORY (8) ---- Ion Engine Aluminum Leg Aluminum Leg Aluminum Leg Aluminum Leg Heat Sink Large Matter Pod (150) Assault Rifle Peak State ------------ > --- POWER ------------ Light Ion Engine > --- PROPULSION ------- Aluminum Leg Aluminum Leg > --- UTILITY ---------- Small Storage Unit Tractor Beam > --- WEAPON ----------- Particle Gun Assault Rifle > --- INVENTORY -------- Ion Engine Aluminum Leg Aluminum Leg Aluminum Leg Aluminum Leg Heat Sink Large Matter Pod Light Assault Rifle [Rating: 8] Favorites ----------- Power Light Ion Engine Engine Light Ion Engine Propulsion Aluminum Leg Leg Aluminum Leg Wheel Wheel Utility Small Storage Unit Device Tractor Beam Storage Small Storage Unit Weapon Small Laser Energy Gun Small Laser Ballistic Gun Assault Rifle Build | -11 -10 -10 ------- Run | Yrd Mat Min Slots Evolved . | . . . Power . | . . . Propulsion . | . . . Utility . | . . . Weapon . | . . . Parts Attached 16 | 6 10 . Power 3 | 1 2 . Engine 3 | 1 2 . Core . | . . . Reactor . | . . . Propulsion 7 | 2 5 . Treads . | . . . Leg 5 | . 5 . Wheel 2 | 2 . . Hover . | . . . Flight . | . . . Utility 2 | 1 1 . Device 1 | . 1 . Storage 1 | 1 . . Processor . | . . . Hackware . | . . . Protection . | . . . Artifact . | . . . Weapon 4 | 2 2 . Energy Gun 2 | 1 1 . Energy Cannon . | . . . Ballistic Gun 2 | 1 1 . Ballistic Cannon . | . . . Launcher . | . . . Special Weapon . | . . . Impact Weapon . | . . . Slashing Weapon . | . . . Piercing Weapon . | . . . Special Melee Weapon . | . . . Unidentified Prototypes . | . . . Parts Lost 6 | . 1 5 Power 2 | . 1 1 Propulsion 2 | . . 2 Utility 1 | . . 1 Weapon 1 | . . 1 Highest Loss Streak 5 | . 1 5 To Critical Strikes 1 | . . 1 Average Backups 6 | 2 6 8 Power . | . . 1 Propulsion 3 | 1 3 4 Utility 1 | . 1 2 Weapon 1 | . 1 1 Tool/Special . | . . . Unused Backups 9 | . 2 7 Power 1 | . . 1 Propulsion 5 | . 1 4 Utility 2 | . . 2 Weapon 1 | . 1 . Tool/Special . | . . . Average Slot Usage (%) 97 | . 99 88 Engine 13 | . 13 11 Leg 12 | . 10 23 Wheel 14 | . 17 . Device 13 | . 13 11 Storage 14 | . 14 14 Energy Gun 13 | . 14 11 Ballistic Gun 14 | . 14 14 Peak Build Rating 8 | 6 8 8 Average Rating 6 | 4 7 7 On Entrance 4 | . 6 8 Avg Prop Armor Cover (%) . | . . . Naked Turns . | . . . Heaviest Build 14 | 10 14 13 Greatest Support 26 | 26 26 20 Greatest Overweight (x) 1 | . . 1 Average Overweight (x) . | . . . Largest Inventory Capacity 8 | 8 8 8 Average Capacity 7 | 7 8 8 Most Carried 8 | 4 8 8 Average Carried 6 | 2 6 8 Final Capacity 8 | 8 8 8 Final Carried 8 | 4 8 8 Class Distribution -------------------- 100% | Mutant Dominant Class ---------------- Mutant | -10/Materials Mutant | -10/Mines Resources | -11 -10 -10 ----------- Run | Yrd Mat Min Matter Collected 607 | 236 369 2 Remotely 370 | . 369 1 Salvage Created 393 | . 393 . Parts 23 | . 23 . Haulers Intercepted . | . . . Recyclers Shooed . | . . . Parts Field Recycled . | . . . Retrieved Matter . | . . . Parts Self-Destructed . | . . . Prevented . | . . . Parts Restored . | . . . Kills | -11 -10 -10 ------- Run | Yrd Mat Min Combat Hostiles Destroyed 9 | . 8 1 Guns 9 | . 8 1 Classes Destroyed 4 | . 3 1 Worker 1 | . 1 . Watcher 1 | . 1 . Grunt 8 | . 8 . Assembled 1 | . . 1 Best Kill Streak 3 | . 3 1 Combat Bots Only 3 | . 3 1 Max Kills in Single Turn 1 | . 1 1 Gunslinging . | . . . Exploded . | . . . Melee . | . . . Uniques/NPCs Destroyed . | . . . Combat | -11 -10 -10 -------- Run | Yrd Mat Min Hostile Shots Fired 96 | . 53 43 Missed 29 | . 12 17 Hits 67 | . 41 26 Melee 2 | . . 2 Projectile 65 | . 41 24 AOE 5 | . . 5 Critical Strikes 2 | . 1 1 Damage Taken 1021 | . 504 517 Core 264 | . 80 184 Absorbed by Shields . | . . . Core Remaining (%) 100 | 100 . . Volleys Fired 33 | . 30 3 Largest 2 | . 2 2 Hottest 85 | . 60 85 Shots Fired 65 | . 60 5 Gun 65 | . 60 5 Cannon . | . . . Launcher . | . . . Special . | . . . Kinetic 33 | . 30 3 Thermal 32 | . 30 2 Explosive . | . . . Electromagnetic . | . . . Robot Hit Streak 7 | . 7 3 Robot Miss Streak 3 | . 3 2 Penetration Max . | . . . Secondary Targets 2 | . 2 . Max Gunslinging Chain 1 | . 1 . Shots Hit Robots 41 | . 38 3 Core Hits 21 | . 20 1 Critical Kills . | . . . Critical Parts Destroyed . | . . . Critical Strikes . | . . . Melee Attacks . | . . . Impact . | . . . Slashing . | . . . Piercing . | . . . Sneak Attacks . | . . . Combat Hostiles . | . . . Follow-up Attacks . | . . . Damage Inflicted 511 | . 480 31 Guns 511 | . 480 31 Cannons . | . . . Explosions . | . . . Melee . | . . . Ramming . | . . . Kinetic 295 | . 277 18 Thermal 216 | . 203 13 Explosive . | . . . Electromagnetic . | . . . Impact . | . . . Slashing . | . . . Piercing . | . . . Highest Corruption . | . . . Average Corruption . | . . . Corruption Purged . | . . . Corruption Blocked . | . . . Overload Shots . | . . . Overflow Damage . | . . . Projectiles . | . . . Explosions . | . . . Melee . | . . . Knockbacks . | . . . Impact . | . . . Kinetic . | . . . Secondary . | . . . Self-Inflicted Damage . | . . . Shots . | . . . Rammed . | . . . Targets Rammed . | . . . Kicked . | . . . Crushed . | . . . Highest Temperature 93 | . 79 93 Average Temperature 33 | . 31 57 Received Heat Transfer 346 | . 306 40 Siege Activations . | . . . Martial Activations . | . . . Shielding Activations . | . . . Robots Disrupted . | . . . Combat Hostiles . | . . . Robots Corrupted . | . . . Combat Hostiles . | . . . Parts Fried . | . . . Impact Corruptions . | . . . Robots Melted . | . . . Combat Hostiles . | . . . Parts Melted . | . . . Heat Transferred 487 | . 450 37 Parts Sabotaged . | . . . Parts Stolen . | . . . Parts Stripped . | . . . Power Chain Reactions . | . . . Alert | -11 -10 -10 ------- Run | Yrd Mat Min Maximum Alert Level . | . . . Low Security (%) 100 | 100 100 100 Level 1 . | . . . Level 2 . | . . . Level 3 . | . . . Level 4 . | . . . Level 5 . | . . . High Security . | . . . Max Security . | . . . Peak Influence 115 | . 115 36 Initial 36 | . . 36 Average 23 | . 26 25 Influence Increases 212 | . 212 . Destroy 0b10 Robot/C 160 | . 160 . Destroy 0b10 Robot/NC 10 | . 10 . Destroy Leader 42 | . 42 . Influence Decreases 212 | . 117 95 Entered New Map 59 | . . 59 Time Decay 117 | . 107 10 Lost Part 36 | . 10 26 Squads Dispatched 2 | . 2 . Investigation 1 | . 1 . Extermination . | . . . Reinforcement 1 | . 1 . Assault . | . . . Garrison . | . . . Intercept . | . . . Searches Triggered . | . . . Construction Impeded . | . . . Haulers Reinforced . | . . . Active Scanning Responses . | . . . Cargo Convoy Interrupts . | . . . Stealth | -11 -10 -10 --------- Run | Yrd Mat Min Distress Signals . | . . . Communications Jammed . | . . . Distress Signals . | . . . Times Spotted 28 | . 12 16 Peak Tracking Total 21 | . 2 21 Tactical Retreats 1 | . . 1 Traps | -11 -10 -10 ------- Run | Yrd Mat Min Traps Triggered 1 | . 1 . Indirectly . | . . . Trap Hack Attempts . | . . . Triggered . | . . . Disarmed . | . . . Reprogrammed . | . . . Reused . | . . . Traps Extracted . | . . . Installed . | . . . Triggered . | . . . Machines | -11 -10 -10 ---------- Run | Yrd Mat Min Machines Disabled . | . . . Max in Single Turn . | . . . Machines Repaired . | . . . Machines Dismantled . | . . . Machines Sabotaged . | . . . Overloaded Fab Kills . | . . . Hacking | -11 -10 -10 --------- Run | Yrd Mat Min Machines Accessed . | . . . Terminals . | . . . Fabricators . | . . . Repair Stations . | . . . Recycling Units . | . . . Scanalyzers . | . . . Garrison Access . | . . . Total Hacks . | . . . Successful . | . . . Failed . | . . . Catastrophic . | . . . Database Lockouts . | . . . Manual . | . . . Terminals . | . . . Fabricators . | . . . Repair Stations . | . . . Recycling Units . | . . . Scanalyzers . | . . . Garrison Access . | . . . Terminal Hacks . | . . . Fabricator Hacks . | . . . Repair Station Hacks . | . . . Recycling Unit Hacks . | . . . Scanalyzer . | . . . Garrison Access Hacks . | . . . Unauthorized Hacks . | . . . Terminals . | . . . Fabricators . | . . . Repair Stations . | . . . Recycling Units . | . . . Scanalyzers . | . . . Garrison Access . | . . . Data Cores Recovered . | . . . Used . | . . . Hacking Detections . | . . . Full Trace Events . | . . . Feedback Events . | . . . Feedback Blocked . | . . . Robot Schematics Acquired . | . . . Robots Built . | . . . Authchips . | . . . Time . | . . . Total Robot Build Rating . | . . . Part Schematics Acquired . | . . . Parts Built . | . . . Authchips . | . . . Time . | . . . Total Part Build Rating . | . . . Part Studies Acquired . | . . . Parts Repaired . | . . . Time . | . . . Parts Recycled . | . . . Recycled Matter . | . . . Retrieved Matter . | . . . Retrieved Components . | . . . Parts Scanalyzed . | . . . Part Schematics Acquired . | . . . Parts Damaged . | . . . Bothacking | -11 -10 -10 ------------ Run | Yrd Mat Min Used RIF Installer . | . . . Robots Hacked . | . . . Non-combat . | . . . Combat . | . . . Robot Hacks Applied . | . . . Relay Couplers Released . | . . . Fabnet Peak Effective % . | . . . Robots Rewired . | . . . Allies Hacked . | . . . Hacks Repelled . | . . . Allies | -11 -10 -10 -------- Run | Yrd Mat Min Total Allies . | . . . Largest Group . | . . . Highest-Rated Group . | . . . Highest-Rated Ally . | . . . Total Orders . | . . . Ally Attacks . | . . . Total Damage . | . . . Kills . | . . . Allies Corrupted . | . . . Allies Melted . | . . . Intel | -11 -10 -10 ------- Run | Yrd Mat Min Active Infowar (turns) . | . . . Robot Analysis Total . | . . . Derelict Logs Recovered 1 | . . 1 Drone Launches . | . . . Drone Recoveries . | . . . Exploration | -11 -10 -10 ------------- Run | Yrd Mat Min Turns Passed 469 | 43 384 42 Spaces Moved 322 | 36 257 29 Core 4 | 1 . 3 Treads . | . . . Legs 80 | . 54 26 Wheels 238 | 35 203 . Hover . | . . . Flight . | . . . Fastest Speed 50 | 50 90 100 Average Speed 97 | 85 96 117 Slowest Speed 120 | 90 120 120 Overloaded Moves . | . . . Propulsion Burnouts . | . . . Robots Hopped . | . . . Potential Cave-ins . | . . . Cave-ins Triggered . | . . . Exploration Rate (%) 20 | 3 48 11 Regions Visited 2 Branch Regions 1 Pre-discovered Areas . | . . . Known Exits Taken . | . . . Unknown Exits Taken 2 | 1 1 . Scrap Searched 1 | . . 1 Spaces Dug . | . . . Terrain Destroyed . | . . . Melee . | . . . Projectile . | . . . AOE . | . . . Terrain Rammed . | . . . Walls Destroyed . | . . . Machines Disabled . | . . . Actions | -11 -10 -10 --------- Run | Yrd Mat Min Total 415 | 45 338 32 Wait 24 | . 24 . Move 320 | 35 256 29 Hop . | . . . Pick Up 12 | 4 8 . Fast Attach 7 | 6 1 . Attach 3 | . 3 . Detach . | . . . Swap 7 | . 7 . Drop 9 | . 9 . Fire 33 | . 30 3 Melee . | . . . Ram . | . . . Kick . | . . . Crush . | . . . Escape Stasis . | . . . Rewire . | . . . Trap . | . . . Miscellaneous . | . . . Route ------- -11/Scrapyard -10/Materials -10/Mines History --------- Turn | Location | Event 18 | -11/Scrapyard | Discovered new exit (range 16) 44 | -11/Scrapyard | Entered Materials 315 | -10/Materials | Build established: Mutant 411 | -10/Materials | Discovered new exit (range 8) 428 | -10/Materials | Entered Mines 429 | -10/Mines | Assembled infested the area 434 | -10/Mines | Assisted by a Guerilla fighting off Assembled 439 | -10/Mines | Learned 4 Materials zone layouts 464 | -10/Mines | Core integrity fell below 50% 466 | -10/Mines | Core integrity fell below 20% 470 | -10/Mines | Destroyed by as-48184 with Assembled Rifle Last Messages --------------- K-01 Serf destroyed. Searching scrap... Found Hcp. Storage Unit. Found Terrain Scanner. Found Sml. Battery. Found 51 Matter. Aluminum Leg destroyed. Lgt. Ion Engine destroyed. Destroyed Asb. Blade. Destroyed Asb. Hover Unit. Acquired 1 matter. as-14104 destroyed. Particle Gun destroyed. Tractor Beam destroyed. as-17808 destroyed. as-96681 destroyed. Acquired 1 matter. Critical hit (Destroy). Aluminum Leg destroyed. The unstable cave ceiling collapses. Map ----- +----------------------------------------------------+ | ?????????????????????????????????????????????????? | | ?????????????????????????????????????????????????? | | ????????????????????????????????#????????????????? | | ??????????????????????????????? ##???##??????????? | | ?????????????????????????????? ## ##?????????? | | ?????????????????????????##### #?????????? | | ?????????????????????????# ?????????????? | | ??????????????????######## ?????????????????? | | ??????????? #????????????????????? | | ??????????????????######## #????????????????????? | | ???????????????????##???## ##???????????????????? | | ??????????????????####### #???????????????????? | | ????????????????### # # a #?####??????????????? | | ???????????????## # a ## # #??????????????? | | ????????????#### #??????????????? | | ????????? " %=] d % #??????????????? | | ?????????"%"!%!=%% aaa #??????????????? | | ??????????? ###= a #??????????????? | | ?????????????????## ???????????????? | | ??????????????????##### a % #???????????????? | | ??????????????????????# ##????????????????? | | ???????????????????????# #?????????????????? | | ???????????????????????# % #?????????????????? | | ????????????????# ????# ! #?????????????????? | | ????????????????# # #?????????????????? | | ????????????????# @ ####?????????????????? | | ????????????????# #### #????????????????????? | | ????????????????######????###????????????????????? | | ?????????????????????????????????????????????????? | | ?????????????????????????????????????????????????? | | ?????????????????????????????????????????????????? | | ?????????????????????????????????????????????????? | | ?????????????????????????????????????????????????? | | | | | | | | | | | | | | | | | | | | | | | | | | | | | | | | | | | +----------------------------------------------------+ Best States ------------- Heat Dissipation 25 Energy Generation 10 Energy Capacity 250 Matter Stores 300 Matter Capacity 300 Sight Range 16 Terrain Scan Density 10 Evasion (%) 55 Item Schematics ----------------- None Robot Schematics ------------------ None Fabricated ------------ Nothing Repaired ---------- Nothing Studied --------- None Alien Tech Used ----------------- None Achievements -------------- None Challenges ------------ None Game ------ Seed ChaosTiamatTerminator Manual? 0 Play Time 00:08:13 Cumulative 33.8 hours Start 2026.09.17 @ 11:12:50 End 2026.09.17 @ 11:19:56 Sessions 1 Manual Loads 0 Difficulty Rogue Special Mode None Game No. 52 Rogue 52 Adventurer 0 Explorer 0 Win Type - Total 0 Types 0/0/0/0/0/0/0/0/0/0 Lore% 24 Gallery% 22 Achievement% 18 Wizard Run 0 Options --------- Layout 1 ASCII 0 Keyboard 0 Movement Mouse Keybinds 0 Fullscreen 1 Font 16/SmallcapsGlow Map View 50x40 Zoom Use 0% Tactical HUD 0 Map Filters NONE Filters NONE Steam SD RUN: be5b6f59-9b54-4ad6-a6a2-11499ed3b62a